MID
CHARLESTON RIVERDOGS @ WEST MICHIGAN WHITECAPS
09/18/2046
 
TOP OF THE 1ST
Charleston RiverDogs batting - Pitching for West Michigan Whitecaps : RHP Juan Cornejo
Pitching: RHP Juan Cornejo
Batting: LHB Marc Durgin 0-0: Called Strike
0-1: Called Strike
0-2: Ground out 6-3 (Groundball, 6M, EV 80.6 MPH)
Batting: LHB Sean Trueblood 0-0: Called Strike
0-1: Foul Ball, location: 2F
0-2: Foul Ball, location: 2F
0-2: Strikes out swinging
Batting: RHB Alfredo Rodriguez 0-0: Called Strike
0-1: Ball
1-1: Ball
2-1: Foul Ball, location: 2F
2-2: Strikes out swinging
Top of the 1st over - 0 runs, 0 hits, 0 errors, 0 left on base; Charleston 0 - West Michigan 0
BOTTOM OF THE 1ST
West Michigan Whitecaps batting - Pitching for Charleston RiverDogs : RHP Travis Stump
Pitching: RHP Travis Stump
Batting: RHB Mike Sebastian 0-0: Ball
1-0: Called Strike
1-1: Swinging Strike
1-2: Strikes out swinging
Batting: RHB Tony Nunez 0-0: Ground out 4-3 (Groundball, 4M, EV 97.5 MPH)
Batting: RHB Jon Goldstein 0-0: Swinging Strike
0-1: Called Strike
0-2: Foul Ball, location: 2F
0-2: Ball
1-2: Foul Ball, location: 2F
1-2: Ball
2-2: Ball
3-2: Fly out, F7 (Flyball, 7D, EV 100.0 MPH)
Bottom of the 1st over - 0 runs, 0 hits, 0 errors, 0 left on base; Charleston 0 - West Michigan 0
TOP OF THE 2ND
Charleston RiverDogs batting - Pitching for West Michigan Whitecaps : RHP Juan Cornejo
Batting: RHB Iften Olujimi 0-0: Foul Ball, location: 2F
0-1: Swinging Strike
0-2: Ball
1-2: Strikes out swinging
Batting: RHB Bill Nguyen-Tan 0-0: Ball
1-0: Ball
2-0: Ball
3-0: Called Strike
3-1: Base on Balls
Batting: LHB Dale Anderson 0-0: Swinging Strike
0-1: Ball
1-1: Called Strike
1-2: Foul Ball, location: 2F
1-2: Fly out, F9 (Flyball, 9LMF, EV 100.0 MPH)
Batting: SHB Houston Phillips 0-0: Called Strike
0-1: Ball
1-1: Fielders Choice at 2nd, 6-4 (Groundball, 6, EV 102.5 MPH)
Top of the 2nd over - 0 runs, 0 hits, 0 errors, 1 left on base; Charleston 0 - West Michigan 0
BOTTOM OF THE 2ND
West Michigan Whitecaps batting - Pitching for Charleston RiverDogs : RHP Travis Stump
Batting: LHB Dave Carlisle 0-0: Ball
1-0: Foul Ball, location: 2F
1-1: Called Strike
1-2: Ball
2-2: Foul Ball, location: 2F
2-2: Ball
3-2: Base on Balls
Batting: SHB Willie Medina 0-0: Called Strike
0-1: Ball
1-1: Ball
2-1: Ball
3-1: Fielders Choice at 2nd, 6-4 (Groundball, 6, EV 108.1 MPH)
Batting: LHB Brad Gaskill 0-0: Called Strike
0-1: Foul Ball, location: 2F
0-2: Fly out, F7 (Flyball, 7D, EV 93.8 MPH)
Batting: SHB Chris Wagler 0-0: Ball
1-0: Foul Ball, location: 2F
1-1: Called Strike
1-2: Ball
2-2: Strikes out swinging
Bottom of the 2nd over - 0 runs, 0 hits, 0 errors, 1 left on base; Charleston 0 - West Michigan 0
TOP OF THE 3RD
Charleston RiverDogs batting - Pitching for West Michigan Whitecaps : RHP Juan Cornejo
Batting: RHB John Sprenkel 0-0: Ball
1-0: Swinging Strike
1-1: Ball
2-1: Fly out, F9 (Flyball, 9LMF, EV 87.5 MPH)
Batting: RHB Graham Murphy 0-0: Ground out 4-3 (Groundball, 4M, EV 91.9 MPH)
Batting: LHB Marc Durgin 0-0: Ball
1-0: Ball
2-0: Foul Ball, location: 2F
2-1: Swinging Strike
2-2: Ball
3-2: Foul Ball, location: 2F
3-2: Strikes out swinging
Top of the 3rd over - 0 runs, 0 hits, 0 errors, 0 left on base; Charleston 0 - West Michigan 0
BOTTOM OF THE 3RD
West Michigan Whitecaps batting - Pitching for Charleston RiverDogs : RHP Travis Stump
Batting: LHB Steve Herrera 0-0: Ball
1-0: Ball
2-0: Ball
3-0: Ground out 6-3 (Groundball, 6MD, EV 83.1 MPH)
Batting: RHB Khalil Coleman 0-0: Called Strike
0-1: Fly out, F8 (Flyball, 8RD, EV 96.9 MPH)
Batting: RHB Mike Sebastian 0-0: Called Strike
0-1: Ball
1-1: Called Strike
1-2: Ball
2-2: Strikes out swinging
Bottom of the 3rd over - 0 runs, 0 hits, 0 errors, 0 left on base; Charleston 0 - West Michigan 0
TOP OF THE 4TH
Charleston RiverDogs batting - Pitching for West Michigan Whitecaps : RHP Juan Cornejo
Batting: LHB Sean Trueblood 0-0: Called Strike
0-1: Swinging Strike
0-2: Strikes out looking
Batting: RHB Alfredo Rodriguez 0-0: Called Strike
0-1: Called Strike
0-2: Ball
1-2: Strikes out looking
Batting: RHB Iften Olujimi 0-0: Called Strike
0-1: Ball
1-1: Called Strike
1-2: Ball
2-2: Ground out 5-3 (Groundball, 5, EV 86.2 MPH)
Top of the 4th over - 0 runs, 0 hits, 0 errors, 0 left on base; Charleston 0 - West Michigan 0
BOTTOM OF THE 4TH
West Michigan Whitecaps batting - Pitching for Charleston RiverDogs : RHP Travis Stump
Batting: RHB Tony Nunez 0-0: Foul Ball, location: 2F
0-1: Foul Ball, location: 2F
0-2: Ball
1-2: Foul Ball, location: 2F
1-2: Foul Ball, location: 2F
1-2: Strikes out swinging
Batting: RHB Jon Goldstein 0-0: Foul Ball, location: 2F
0-1: Ball
1-1: Called Strike
1-2: Fly out, F8 (Flyball, 8LD, EV 97.5 MPH)
Batting: LHB Dave Carlisle 0-0: Called Strike
0-1: Foul Ball, location: 2F
0-2: Reached via error on a dropped throw from SS, E3 (Groundball, 6, EV 85.6 MPH)
Batting: SHB Willie Medina 0-0: Called Strike
0-1: Foul Ball, location: 2F
0-2: Ball
1-2: Fly out, F7 (Line Drive, 78M, EV 86.9 MPH)
Bottom of the 4th over - 0 runs, 0 hits, 1 error, 1 left on base; Charleston 0 - West Michigan 0
TOP OF THE 5TH
Charleston RiverDogs batting - Pitching for West Michigan Whitecaps : RHP Juan Cornejo
Batting: RHB Bill Nguyen-Tan 0-0: Called Strike
0-1: Ball
1-1: Ball
2-1: Foul Ball, location: 2F
2-2: Strikes out looking
Batting: LHB Dale Anderson 0-0: SINGLE (Groundball, 4MD, EV 105.0 MPH)
Batting: SHB Houston Phillips 0-0: DOUBLE (Line Drive, 8LD, EV 106.2 MPH)
Dale Anderson to third
Batting: RHB John Sprenkel 0-0: Called Strike
0-1: Swinging Strike
0-2: Ball
1-2: Foul Ball, location: 2F
1-2: Ball
2-2: Strikes out swinging
Batting: RHB Graham Murphy 0-0: Called Strike
0-1: Ground out 6-3 (Groundball, 6, EV 83.8 MPH)
Top of the 5th over - 0 runs, 2 hits, 0 errors, 2 left on base; Charleston 0 - West Michigan 0
BOTTOM OF THE 5TH
West Michigan Whitecaps batting - Pitching for Charleston RiverDogs : RHP Travis Stump
Batting: LHB Brad Gaskill 0-0: Ball
1-0: Ball
2-0: Called Strike
2-1: Called Strike
2-2: Ground out U3 (Groundball, 3L, EV 80.0 MPH)
Batting: SHB Chris Wagler 0-0: Ball
1-0: Foul Ball, location: 2F
1-1: Swinging Strike
1-2: Ball
2-2: Strikes out swinging
Batting: LHB Steve Herrera 0-0: Called Strike
0-1: SINGLE (Groundball, 56D, EV 99.4 MPH)
Batting: RHB Khalil Coleman 0-0: Ball
1-0: DOUBLE (Line Drive, 89M, EV 105.6 MPH)
Steve Herrera to third
Runner from 3rd tries for Home, SAFE, no throw by CF
Batting: RHB Mike Sebastian 0-0: Swinging Strike
0-1: Foul Ball, location: 2F
0-2: Ball
1-2: Foul Ball, location: 2F
1-2: Foul Ball, location: 2F
1-2: Foul Ball, location: 2F
1-2: Foul Ball, location: 2F
1-2: Ball
2-2: SINGLE (Groundball, 56S, EV 70.6 MPH) (infield hit)
Khalil Coleman to third
Batting: RHB Tony Nunez 0-0: Foul Ball, location: 2F
0-1: Called Strike
Mike Sebastian steals 2nd base (no throw)
0-2: Ball
1-2: Fly out, F8 (Flyball, 8RXD, EV 101.2 MPH)
Bottom of the 5th over - 1 run, 3 hits, 0 errors, 2 left on base; Charleston 0 - West Michigan 1
TOP OF THE 6TH
Charleston RiverDogs batting - Pitching for West Michigan Whitecaps : RHP Juan Cornejo
Batting: LHB Marc Durgin 0-0: Ball
1-0: Called Strike
1-1: Called Strike
1-2: Strikes out swinging
Batting: LHB Sean Trueblood 0-0: Ball
1-0: Ball
2-0: Fly out, F9 (Flyball, 89M, EV 71.9 MPH)
Batting: RHB Alfredo Rodriguez 0-0: Ball
1-0: Foul Ball, location: 2F
1-1: Ground out 5-3 (Groundball, 5, EV 84.4 MPH)
Top of the 6th over - 0 runs, 0 hits, 0 errors, 0 left on base; Charleston 0 - West Michigan 1
BOTTOM OF THE 6TH
West Michigan Whitecaps batting - Pitching for Charleston RiverDogs : RHP Travis Stump
Batting: RHB Jon Goldstein 0-0: Ball
1-0: Ball
2-0: SINGLE (Flyball, 8LS, EV 86.9 MPH)
Batting: LHB Dave Carlisle 0-0: Ball
1-0: Called Strike
1-1: Foul Ball, location: 2F
1-2: Foul Ball, location: 2F
1-2: SINGLE (Flyball, 8RS, EV 90.0 MPH)
Jon Goldstein to second
Pitching: RHP Greg Ritchie
Batting: SHB Willie Medina 0-0: Ball
1-0: Called Strike
1-1: Foul Ball, location: 2F
1-2: Ball
2-2: Strikes out swinging
Pitching: LHP Cory Musial
Batting: LHB Brad Gaskill 0-0: Ball
1-0: Called Strike
1-1: Swinging Strike
1-2: Strikes out swinging
Batting: SHB Chris Wagler 0-0: Foul Ball, location: 2F
0-1: Ball
1-1: Called Strike
1-2: Foul Ball, location: 2F
1-2: Ball
2-2: Strikes out swinging
Bottom of the 6th over - 0 runs, 2 hits, 0 errors, 2 left on base; Charleston 0 - West Michigan 1
TOP OF THE 7TH
Charleston RiverDogs batting - Pitching for West Michigan Whitecaps : RHP Juan Cornejo
Pitching: RHP Nate Mull
Batting: RHB Iften Olujimi 0-0: Ball
1-0: TRIPLE (Flyball, 7D, EV 101.9 MPH)
Batting: RHB Bill Nguyen-Tan 0-0: Called Strike
0-1: Ball
1-1: Ball
2-1: Foul Ball, location: 2F
2-2: Foul Ball, location: 2F
2-2: Ball
3-2: Ground out 4-3 (Groundball, 4, EV 106.2 MPH)
Batting: LHB Dale Anderson 0-0: Called Strike
0-1: Foul Ball, location: 2F
0-2: Strikes out swinging
Batting: SHB Houston Phillips 0-0: Called Strike
0-1: DOUBLE (Groundball, 5L, EV 99.4 MPH)
Iften Olujimi scores
Pinch Hitting: LHB Jeremiah Walker 0-0: Ball
1-0: Swinging Strike
1-1: Swinging Strike
1-2: Foul Ball, location: 2F
1-2: Ball
2-2: Ball
3-2: Strikes out looking
Top of the 7th over - 1 run, 2 hits, 0 errors, 1 left on base; Charleston 1 - West Michigan 1
BOTTOM OF THE 7TH
West Michigan Whitecaps batting - Pitching for Charleston RiverDogs : LHP Cory Musial
Now at 2B: Justin O'Neal
Pinch Hitting: RHB Joe Zimmerman 0-0: Ball
1-0: Swinging Strike
1-1: Called Strike
1-2: Ground out U3 (Groundball, 34, EV 88.8 MPH)
Batting: RHB Khalil Coleman 0-0: Called Strike
0-1: Called Strike
0-2: Ball
1-2: Ball
2-2: Ground out 4-3 (Groundball, 4M, EV 85.6 MPH)
Batting: RHB Mike Sebastian 0-0: Ball
1-0: Foul Ball, location: 2F
1-1: Ball
2-1: Foul Ball, location: 2F
2-2: Strikes out looking
Bottom of the 7th over - 0 runs, 0 hits, 0 errors, 0 left on base; Charleston 1 - West Michigan 1
TOP OF THE 8TH
Charleston RiverDogs batting - Pitching for West Michigan Whitecaps : RHP Nate Mull
Pitching: LHP George Moran
Now in RF: Joe Zimmerman
Batting: RHB Graham Murphy 0-0: Ball
1-0: Ball
2-0: Ball
3-0: Base on Balls
Batting: LHB Marc Durgin 0-0: Bunted foul
0-1: Ball
1-1: Bunt missed!
1-2: Ball
2-2: Foul Ball, location: 2F
2-2: Ball
3-2: Foul Ball, location: 2F
3-2: Fly out, F9 (Flyball, 9D, EV 100.6 MPH)
Pinch Hitting: RHB Bryan Westray 0-0: Called Strike
Graham Murphy is caught stealing 2nd base 2-4
0-1: Called Strike
0-2: Strikes out looking
Top of the 8th over - 0 runs, 0 hits, 0 errors, 0 left on base; Charleston 1 - West Michigan 1
BOTTOM OF THE 8TH
West Michigan Whitecaps batting - Pitching for Charleston RiverDogs : LHP Cory Musial
Pitching: RHP Khayyat bin Faruq
Now at 1B: Bryan Westray
Now at 3B: Iften Olujimi
Batting: RHB Tony Nunez 0-0: Ball
1-0: Swinging Strike
1-1: Ground out 6-3 (Groundball, 6, EV 80.0 MPH)
Batting: RHB Jon Goldstein 0-0: Ball
1-0: Ball
2-0: Ball
3-0: Called Strike
3-1: Fly out, F9 (Flyball, 89M, EV 78.8 MPH)
Batting: LHB Dave Carlisle 0-0: Ball
1-0: Ball
2-0: Ball
3-0: Base on Balls
Batting: SHB Willie Medina 0-0: Foul Ball, location: 2F
0-1: Ball
1-1: Fly out, F7 (Line Drive, 7, EV 111.9 MPH)
Bottom of the 8th over - 0 runs, 0 hits, 0 errors, 1 left on base; Charleston 1 - West Michigan 1
TOP OF THE 9TH
Charleston RiverDogs batting - Pitching for West Michigan Whitecaps : LHP George Moran
Batting: RHB Alfredo Rodriguez 0-0: Ball
1-0: Swinging Strike
1-1: Ball
2-1: Foul Ball, location: 2F
2-2: Ground out 6-3 (Groundball, 6, EV 83.8 MPH)
Batting: RHB Iften Olujimi 0-0: Ground out 1-3 (Groundball, 13, EV 75.6 MPH)
Batting: RHB Bill Nguyen-Tan 0-0: Ball
1-0: Foul Ball, location: 2F
1-1: Called Strike
1-2: Foul Ball, location: 2F
1-2: Ball
2-2: Strikes out swinging
Top of the 9th over - 0 runs, 0 hits, 0 errors, 0 left on base; Charleston 1 - West Michigan 1
BOTTOM OF THE 9TH
West Michigan Whitecaps batting - Pitching for Charleston RiverDogs : RHP Khayyat bin Faruq
Pitching: LHP Alex Pulido
Batting: RHB Jayden Copeland 0-0: Ball
1-0: Ground out 5-3 (Groundball, 56, EV 85.0 MPH)
Batting: SHB Chris Wagler 0-0: Ball
1-0: Fly out, F5 (Line Drive, 5L, EV 66.2 MPH)
Batting: RHB Joe Zimmerman 0-0: Called Strike
0-1: Called Strike
0-2: Ball
1-2: Foul Ball, location: 2F
1-2: Strikes out swinging
Bottom of the 9th over - 0 runs, 0 hits, 0 errors, 0 left on base; Charleston 1 - West Michigan 1
TOP OF THE 10TH
Charleston RiverDogs batting - Pitching for West Michigan Whitecaps : LHP George Moran
Batting: RHB Bryan Massey 0-0: Called Strike
0-1: Ground out 5-3 (Groundball, 56, EV 100.6 MPH)
Batting: SHB Houston Phillips 0-0: Ball
1-0: Foul Ball, location: 2F
1-1: Ball
2-1: Foul Ball, location: 2F
2-2: Strikes out swinging
Batting: LHB Justin O'Neal 0-0: Swinging Strike
0-1: Called Strike
0-2: Ball
1-2: Ball
2-2: Foul Ball, location: 2F
2-2: Ball
3-2: Foul Ball, location: 2F
3-2: Foul Ball, location: 2F
3-2: Foul Ball, location: 2F
3-2: Base on Balls
Pitching: RHP Jerome Stady
Batting: RHB Graham Murphy 0-0: Ball
1-0: Foul Ball, location: 2F
1-1: Ball
Justin O'Neal steals 2nd, throwing error, E2
Justin O'Neal to third
2-1: Foul Ball, location: 2F
2-2: Ground out 6-3 (Groundball, 6, EV 88.1 MPH)
Top of the 10th over - 0 runs, 0 hits, 1 error, 1 left on base; Charleston 1 - West Michigan 1
BOTTOM OF THE 10TH
West Michigan Whitecaps batting - Pitching for Charleston RiverDogs : LHP Alex Pulido
Pitching: RHP Mark Stafford
Batting: RHB Khalil Coleman 0-0: Foul Ball, location: 2F
0-1: DOUBLE (Line Drive, 3D, EV 101.2 MPH)
Batting: RHB Mike Sebastian 0-0: SINGLE (Groundball, 56, EV 101.2 MPH) (infield hit)
Khalil Coleman to third
Batting: RHB Tony Nunez Pickoff Throw to First - Out! 1-3
0-0: Foul Ball, location: 2F
0-1: Ball
1-1: SINGLE (Groundball, 4M, EV 98.1 MPH)
Khalil Coleman scores
Bottom of the 10th over - 1 run, 3 hits, 0 errors, 1 left on base; Charleston 1 - West Michigan 2
Tuesday, September 13th , 2022 - OOTP Baseball 23.7 Build 88